Sabres vs Devils

Created - November 16, 2023 at 21:12

Goals
1 2 3 T
Sabres 0 0 1 1
Devils 3 1 0 4
Shots
1 2 3 T
Sabres 7 9 15 31
Devils 14 13 9 36

GoalsPenalties
1st period
1. Devils , Matt Boldy 8 (Damon Severson 10, Nino Niederreiter 7) at 6:25
2. Devils , Dylan Cozens 2 (Justin Schultz 8, Mike Hoffman 5) at 6:39
3. Devils , Mathieu Joseph 4 (Urho Vaakanainen 5) at 7:19
Milan Lucic (BUF) for Tripping (Minor) at 1:44
Tobias Bjornfot (BUF) for Roughing (Minor) at 8:23
Philippe Myers (BUF) for Roughing (Minor) at 8:42
Philippe Myers (BUF) for Hooking (Minor) at 13:47
Corey Perry (BUF) for Roughing (Minor) at 17:07
2nd period
4. Devils , Evgeni Malkin 9 (Damon Severson 11, Nino Niederreiter 8) at 2:45
Andrei Vasilevskiy (NJD) for Slashing (Minor) at 9:01 - Dylan Cozens served the penalty.
Brenden Dillon (BUF) for Tripping (Minor) at 13:27
3rd period
5. Sabres , Kaedan Korczak 1 (Corey Perry 5, Juraj Slafkovsky 7) at 10:15 (PP)
Urho Vaakanainen (NJD) for Hooking (Minor) at 9:20
Goalie Stats
James Reimer (BUF), 11 saves from 15 shots - (0.733), L, 1-8-1, 22:45 minutes
Matt Murray (BUF), 21 saves from 21 shots - (1.000), 37:15 minutes
Andrei Vasilevskiy (NJD), 30 saves from 31 shots - (0.968), W, 10-4-0, 60:00 minutes
3 StarsOfficial
1 - Nino Niederreiter (NJD)
2 - Damon Severson (NJD)
3 - Dylan Cozens (NJD)
Referees : Mike Duco and Dean Morton
Linesman : Darren Gibbs and David Brisebois
Game Note
Matt Murray enters game at 2:45 of 2nd period
Finance
Level 1 -- Attendance: 6000 (100.00%) -- Ticket Income $672,000
Level 2 -- Attendance: 5000 (100.00%) -- Ticket Income $405,000
Level 3 -- Attendance: 2000 (100.00%) -- Ticket Income $160,000
Level 4 -- Attendance: 2836 (78.23%) -- Ticket Income $42,540
Luxury Box -- Attendance: 1000 (100.00%) -- Ticket Income $195,000
Game was played at the Prudential Center.
Total Attendance: 16836 (95.52%)
Total Ticket Income: $1,474,540
Other Income: $368,635
Total Income: $1,843,175



Team Name Goals Shots Shots Attemp Shots Blocked PIM HIT PP PK FO%
Sabres 13165812221 / 2 (50%)041%
Devils 4365794310 / 6 (0%)159%

Sabres
Player Name POS G A P +/- PIM HIT SHT SB MP PP MP PP SHT PK MP PK SHT FO% FOT
Blake ColemanC000-2045023:351:2514:54042% 31
Brenden DillonD0000232024:472:0403:4300% 0
Brett HowdenC000000025:250:0000:5600% 4
Brian DumoulinD0000000226:302:0405:2500% 0
Corey PerryRW0110212019:051:2903:3000% 0
Jake NeighboursLW000-2003012:251:2500:0000% 1
Jansen HarkinsC000000005:130:0000:4400% 1
Jesper FastRW000-2013021:220:0004:060100% 1
Jonathan DrouinLW0000002016:301:2500:58033% 18
Juraj SlafkovskyLW0110033115:361:2900:00050% 2
Kaedan KorczakD101-1004013:520:5020:1400% 0
Mason AppletonC000-2010014:400:0003:40048% 31
Mason McTavishC000-2003018:451:2900:00033% 3
Milan LucicLW000-2232010:590:0000:0000% 0
Philippe MyersD000-1420114:530:5001:1600% 0
Tobias BjornfotD000-3200119:280:0004:2600% 0
Victor SoderstromD000-3031120:260:0005:2300% 0
Zach SanfordLW000001104:290:0000:000100% 1
Devils
Player Name POS G A P +/- PIM HIT SHT SB MP PP MP PP SHT PK MP PK SHT FO% FOT
Chris KreiderLW0000017020:245:3330:0000% 1
Damon SeversonD0222042121:164:3901:2200% 0
Dominik KubalikLW000000001:540:0000:3700% 0
Dougie HamiltonD0000014323:315:3521:2600% 0
Dylan CozensC1012031116:320:0000:55050% 20
Erik GustafssonD0002001221:164:3911:2200% 0
Evgeni MalkinC1012003020:404:4110:52070% 33
Justin SchultzD0112000016:390:0001:3200% 0
Kyle OkposoRW000001003:340:0002:1700% 0
Mathieu JosephRW1012013115:370:0000:0000% 0
Matt BoldyLW1012004019:484:4100:0000% 1
Mike HoffmanLW0112011015:370:0000:0000% 0
Mikhail SergachevD0000031022:115:3510:0600% 0
Nicklas BackstromC000001002:240:0001:070100% 3
Nino NiederreiterRW0222054019:484:4110:000100% 2
Sam ReinhartC0000014020:245:3320:00050% 32
Travis KonecnyRW0000031020:245:3310:000100% 1
Urho VaakanainenD0112260115:060:0000:0000% 0



Play-by-Play

1st period


0:01 of 1st period - Sam Reinhart wins face-off versus Blake Coleman in neutral zone.
0:17 of 1st period - Dougie Hamilton is hit by Blake Coleman and loses puck.
0:24 of 1st period - Brenden Dillon is hit by Travis Konecny.
0:56 of 1st period - Icing by Brenden Dillon.
0:57 of 1st period - Dylan Cozens wins face-off versus Blake Coleman in Sabres zone.
0:58 of 1st period - Shot by Mike Hoffman.
0:58 of 1st period - Shot Blocked by Brian Dumoulin.
1:17 of 1st period - Dylan Cozens is hit by Victor Soderstrom and loses puck.
1:31 of 1st period - Jonathan Drouin is hit by Urho Vaakanainen and loses puck.
1:42 of 1st period - Shot by Corey Perry.
1:42 of 1st period - Stopped by Andrei Vasilevskiy without a rebound.
1:43 of 1st period - Evgeni Malkin wins face-off versus Mason Appleton in Devils zone.
1:43 of 1st period - Evgeni Malkin is hit by Milan Lucic.
1:44 of 1st period - Minor Penalty to Milan Lucic for Tripping.
1:45 of 1st period - Mason Appleton wins face-off versus Sam Reinhart in Sabres zone.
2:13 of 1st period - Icing by Mikhail Sergachev.
2:14 of 1st period - Sam Reinhart wins face-off versus Mason Appleton in Devils zone.
2:22 of 1st period - Icing by Sam Reinhart.
2:23 of 1st period - Mason Appleton wins face-off versus Sam Reinhart in Devils zone.
3:27 of 1st period - Brenden Dillon is hit by Nino Niederreiter and loses puck.
4:22 of 1st period - Icing by Philippe Myers.
4:23 of 1st period - Evgeni Malkin wins face-off versus Brett Howden in Sabres zone.
4:26 of 1st period - Shot by Evgeni Malkin.
4:26 of 1st period - Stopped by James Reimer without a rebound.
4:27 of 1st period - Mason Appleton wins face-off versus Evgeni Malkin in Sabres zone.
4:53 of 1st period - Shot by Milan Lucic.
4:53 of 1st period - Stopped by Andrei Vasilevskiy without a rebound.
4:54 of 1st period - Sam Reinhart wins face-off versus Jonathan Drouin in Devils zone.
5:01 of 1st period - Shot by Chris Kreider.
5:01 of 1st period - Stopped by James Reimer without a rebound.
5:02 of 1st period - Sam Reinhart wins face-off versus Jonathan Drouin in Sabres zone.
5:03 of 1st period - Shot by Dougie Hamilton.
5:03 of 1st period - Shot Misses the Net.
6:01 of 1st period - Shot by Jake Neighbours.
6:01 of 1st period - Shot Misses the Net.
6:03 of 1st period - Shot by Jake Neighbours.
6:03 of 1st period - Stopped by Andrei Vasilevskiy without a rebound.
6:04 of 1st period - Evgeni Malkin wins face-off versus Blake Coleman in Devils zone.
6:16 of 1st period - Nino Niederreiter is hit by Victor Soderstrom and loses puck.
6:21 of 1st period - Shot by Nino Niederreiter.
6:21 of 1st period - Shot Misses the Net.
6:23 of 1st period - Shot by Damon Severson.
6:23 of 1st period - Shot Misses the Net.
6:25 of 1st period - Shot by Matt Boldy.
6:25 of 1st period - Goal by Matt Boldy - Sabres : 0 - Devils : 1.
6:26 of 1st period - Dylan Cozens wins face-off versus Jake Neighbours in neutral zone.
6:39 of 1st period - Shot by Dylan Cozens.
6:39 of 1st period - Goal by Dylan Cozens - Sabres : 0 - Devils : 2.
6:40 of 1st period - Blake Coleman wins face-off versus Matt Boldy in neutral zone.
6:51 of 1st period - Shot by Jesper Fast.
6:51 of 1st period - Stopped by Andrei Vasilevskiy with a rebound.
6:53 of 1st period - Shot by Jesper Fast.
6:53 of 1st period - Stopped by Andrei Vasilevskiy without a rebound.
6:54 of 1st period - Mason Appleton wins face-off versus Dylan Cozens in Devils zone.
6:58 of 1st period - Jake Neighbours is hit by Urho Vaakanainen and loses puck.
7:04 of 1st period - Dylan Cozens is hit by Victor Soderstrom and loses puck.
7:19 of 1st period - Shot by Mathieu Joseph.
7:19 of 1st period - Goal by Mathieu Joseph - Sabres : 0 - Devils : 3.
7:20 of 1st period - Nino Niederreiter wins face-off versus Blake Coleman in neutral zone.
7:41 of 1st period - Blake Coleman is hit by Nino Niederreiter.
7:57 of 1st period - Shot by Mason McTavish.
7:57 of 1st period - Shot Misses the Net.
7:59 of 1st period - Shot by Jesper Fast.
7:59 of 1st period - Deflect By Mason McTavish.
7:59 of 1st period - Stopped by Andrei Vasilevskiy without a rebound.
8:00 of 1st period - Sam Reinhart wins face-off versus Jonathan Drouin in Devils zone.
8:00 of 1st period - Mikhail Sergachev is hit by Juraj Slafkovsky and loses puck.
8:10 of 1st period - Icing by Chris Kreider.
8:11 of 1st period - Sam Reinhart wins face-off versus Mason Appleton in Devils zone.
8:23 of 1st period - Minor Penalty to Tobias Bjornfot for Roughing.
8:24 of 1st period - Evgeni Malkin wins face-off versus Blake Coleman in Sabres zone.
8:42 of 1st period - Minor Penalty to Philippe Myers for Roughing.
8:43 of 1st period - Sam Reinhart wins face-off versus Brett Howden in Sabres zone.
8:54 of 1st period - Shot by Sam Reinhart.
8:54 of 1st period - Stopped by James Reimer without a rebound.
8:55 of 1st period - Evgeni Malkin wins face-off versus Jansen Harkins in Sabres zone.
9:12 of 1st period - Shot by Nino Niederreiter.
9:12 of 1st period - Shot Blocked by Victor Soderstrom.
9:14 of 1st period - Shot by Dougie Hamilton.
9:14 of 1st period - Shot Blocked by Brett Howden.
11:12 of 1st period - Mason Appleton is hit by Dylan Cozens.
11:49 of 1st period - Off-side.
11:50 of 1st period - Evgeni Malkin wins face-off versus Blake Coleman in neutral zone.
11:53 of 1st period - Shot by Nino Niederreiter.
11:53 of 1st period - Stopped by James Reimer without a rebound.
11:54 of 1st period - Blake Coleman wins face-off versus Evgeni Malkin in Sabres zone.
12:20 of 1st period - Evgeni Malkin is hit by Brenden Dillon and loses puck.
12:48 of 1st period - Icing by Brenden Dillon.
12:49 of 1st period - Blake Coleman wins face-off versus Sam Reinhart in Sabres zone.
12:54 of 1st period - Travis Konecny is hit by Blake Coleman and loses puck.
13:00 of 1st period - Icing by Dougie Hamilton.
13:01 of 1st period - Travis Konecny wins face-off versus Juraj Slafkovsky in Devils zone.
13:27 of 1st period - Shot by Juraj Slafkovsky.
13:27 of 1st period - Stopped by Andrei Vasilevskiy without a rebound.
13:28 of 1st period - Dylan Cozens wins face-off versus Mason Appleton in Devils zone.
13:30 of 1st period - Icing by Mike Hoffman.
13:31 of 1st period - Dylan Cozens wins face-off versus Mason Appleton in Devils zone.
13:31 of 1st period - Dylan Cozens is hit by Milan Lucic.
13:47 of 1st period - Minor Penalty to Philippe Myers for Hooking.
13:48 of 1st period - Sam Reinhart wins face-off versus Blake Coleman in Sabres zone.
13:57 of 1st period - Shot by Chris Kreider.
13:57 of 1st period - Stopped by James Reimer with a rebound.
13:59 of 1st period - Shot by Travis Konecny.
13:59 of 1st period - Shot Misses the Net.
14:01 of 1st period - Shot by Dougie Hamilton.
14:01 of 1st period - Stopped by James Reimer without a rebound.
14:02 of 1st period - Evgeni Malkin wins face-off versus Mason Appleton in Sabres zone.
15:42 of 1st period - Shot by Sam Reinhart.
15:42 of 1st period - Stopped by James Reimer without a rebound.
15:43 of 1st period - Sam Reinhart wins face-off versus Mason Appleton in Sabres zone.
16:07 of 1st period - Brett Howden is hit by Urho Vaakanainen.
16:14 of 1st period - Jansen Harkins is hit by Urho Vaakanainen.
16:30 of 1st period - Mathieu Joseph is hit by Zach Sanford and loses puck.
16:40 of 1st period - Icing by Urho Vaakanainen.
16:41 of 1st period - Jonathan Drouin wins face-off versus Dylan Cozens in Devils zone.
16:41 of 1st period - Jonathan Drouin is hit by Urho Vaakanainen.
16:52 of 1st period - Off-side.
16:53 of 1st period - Evgeni Malkin wins face-off versus Blake Coleman in neutral zone.
17:00 of 1st period - Shot by Nino Niederreiter.
17:00 of 1st period - Stopped by James Reimer without a rebound.
17:01 of 1st period - Jonathan Drouin wins face-off versus Evgeni Malkin in Sabres zone.
17:07 of 1st period - Minor Penalty to Corey Perry for Roughing.
17:08 of 1st period - Mason Appleton wins face-off versus Sam Reinhart in Sabres zone.
17:51 of 1st period - Shot by Chris Kreider.
17:51 of 1st period - Stopped by James Reimer without a rebound.
17:52 of 1st period - Evgeni Malkin wins face-off versus Blake Coleman in Sabres zone.
18:06 of 1st period - Shot by Erik Gustafsson.
18:06 of 1st period - Stopped by James Reimer without a rebound.
18:07 of 1st period - Blake Coleman wins face-off versus Evgeni Malkin in Sabres zone.
18:43 of 1st period - Shot by Evgeni Malkin.
18:43 of 1st period - Stopped by James Reimer with a rebound.
18:45 of 1st period - Shot by Evgeni Malkin.
18:45 of 1st period - Deflect By Nino Niederreiter.
18:45 of 1st period - Shot Misses the Net.
19:05 of 1st period - Shot by Dougie Hamilton.
19:05 of 1st period - Shot Misses the Net.
19:18 of 1st period - Icing by Mathieu Joseph.
19:19 of 1st period - Dylan Cozens wins face-off versus Mason Appleton in Devils zone.
19:19 of 1st period - Dylan Cozens is hit by Milan Lucic.
19:25 of 1st period - Brian Dumoulin is hit by Mathieu Joseph and loses puck.
Goals for this period are 0 for Sabres vs 3 for Devils.
Shots for this period are 7 for Sabres vs 14 for Devils.

2nd period


0:01 of 2nd period - Sam Reinhart wins face-off versus Blake Coleman in neutral zone.
0:04 of 2nd period - Shot by Chris Kreider.
0:04 of 2nd period - Shot Misses the Net.
0:17 of 2nd period - Shot by Jesper Fast.
0:17 of 2nd period - Deflect By Blake Coleman.
0:17 of 2nd period - Shot Misses the Net.
0:21 of 2nd period - Shot by Blake Coleman.
0:21 of 2nd period - Shot Misses the Net.
0:41 of 2nd period - Shot by Blake Coleman.
0:41 of 2nd period - Stopped by Andrei Vasilevskiy without a rebound.
0:42 of 2nd period - Jonathan Drouin wins face-off versus Evgeni Malkin in Devils zone.
1:13 of 2nd period - Icing by Corey Perry.
1:14 of 2nd period - Jonathan Drouin wins face-off versus Dylan Cozens in Sabres zone.
2:18 of 2nd period - Jesper Fast is hit by Nino Niederreiter and loses puck.
2:29 of 2nd period - Shot by Blake Coleman.
2:29 of 2nd period - Shot Misses the Net.
2:34 of 2nd period - Erik Gustafsson is hit by Blake Coleman and loses puck.
2:45 of 2nd period - Shot by Evgeni Malkin.
2:45 of 2nd period - Goal by Evgeni Malkin - Sabres : 0 - Devils : 4.
2:45 of 2nd period - Matt Murray enters game.
2:46 of 2nd period - Sam Reinhart wins face-off versus Mason Appleton in neutral zone.
2:48 of 2nd period - Mikhail Sergachev is hit by Philippe Myers and loses puck.
3:36 of 2nd period - Chris Kreider is hit by Mason Appleton and loses puck.
4:49 of 2nd period - Shot by Mason McTavish.
4:49 of 2nd period - Stopped by Andrei Vasilevskiy without a rebound.
4:50 of 2nd period - Nicklas Backstrom wins face-off versus Jonathan Drouin in Devils zone.
4:55 of 2nd period - Corey Perry is hit by Nicklas Backstrom.
5:46 of 2nd period - Brian Dumoulin is hit by Kyle Okposo and loses puck.
7:30 of 2nd period - Icing by Erik Gustafsson.
7:31 of 2nd period - Evgeni Malkin wins face-off versus Mason Appleton in Devils zone.
7:40 of 2nd period - Shot by Damon Severson.
7:40 of 2nd period - Stopped by Matt Murray without a rebound.
7:41 of 2nd period - Dylan Cozens wins face-off versus Brett Howden in Sabres zone.
7:41 of 2nd period - Damon Severson is hit by Philippe Myers.
7:48 of 2nd period - Brett Howden is hit by Damon Severson and loses puck.
9:01 of 2nd period - Shot by Milan Lucic.
9:01 of 2nd period - Deflect By Jake Neighbours.
9:01 of 2nd period - Stopped by Andrei Vasilevskiy without a rebound.
9:01 of 2nd period - Minor Penalty to Andrei Vasilevskiy for Slashing.
9:02 of 2nd period - Nicklas Backstrom wins face-off versus Mason McTavish in Devils zone.
9:32 of 2nd period - Shot by Brian Dumoulin.
9:32 of 2nd period - Shot Blocked by Dougie Hamilton.
9:52 of 2nd period - Shot by Kaedan Korczak.
9:52 of 2nd period - Stopped by Andrei Vasilevskiy without a rebound.
9:53 of 2nd period - Evgeni Malkin wins face-off versus Blake Coleman in Devils zone.
10:16 of 2nd period - Shot by Kaedan Korczak.
10:16 of 2nd period - Shot Blocked by Erik Gustafsson.
10:18 of 2nd period - Shot by Blake Coleman.
10:18 of 2nd period - Stopped by Andrei Vasilevskiy without a rebound.
10:19 of 2nd period - Nicklas Backstrom wins face-off versus Mason McTavish in Devils zone.
11:07 of 2nd period - Shot by Chris Kreider.
11:07 of 2nd period - Shot Blocked by Brett Howden.
11:23 of 2nd period - Shot by Sam Reinhart.
11:23 of 2nd period - Stopped by Matt Murray without a rebound.
11:24 of 2nd period - Mason Appleton wins face-off versus Dylan Cozens in Sabres zone.
11:33 of 2nd period - Shot by Dylan Cozens.
11:33 of 2nd period - Shot Misses the Net.
12:22 of 2nd period - Icing by Victor Soderstrom.
12:23 of 2nd period - Jesper Fast wins face-off versus Evgeni Malkin in Sabres zone.
12:41 of 2nd period - Shot by Matt Boldy.
12:41 of 2nd period - Stopped by Matt Murray without a rebound.
12:42 of 2nd period - Juraj Slafkovsky wins face-off versus Sam Reinhart in Sabres zone.
12:42 of 2nd period - Corey Perry is hit by Travis Konecny and loses puck.
12:48 of 2nd period - Off-side.
12:49 of 2nd period - Evgeni Malkin wins face-off versus Jonathan Drouin in neutral zone.
12:49 of 2nd period - Matt Boldy is hit by Juraj Slafkovsky and loses puck.
12:57 of 2nd period - Evgeni Malkin is hit by Brenden Dillon and loses puck.
13:27 of 2nd period - Minor Penalty to Brenden Dillon for Tripping.
13:28 of 2nd period - Sam Reinhart wins face-off versus Mason Appleton in Sabres zone.
13:29 of 2nd period - Shot by Travis Konecny.
13:29 of 2nd period - Stopped by Matt Murray without a rebound.
13:30 of 2nd period - Sam Reinhart wins face-off versus Mason Appleton in Sabres zone.
13:41 of 2nd period - Shot by Sam Reinhart.
13:41 of 2nd period - Shot Misses the Net.
14:15 of 2nd period - Shot by Chris Kreider.
14:15 of 2nd period - Stopped by Matt Murray with a rebound.
14:31 of 2nd period - Shot by Dougie Hamilton.
14:31 of 2nd period - Stopped by Matt Murray without a rebound.
14:32 of 2nd period - Mason Appleton wins face-off versus Evgeni Malkin in Sabres zone.
14:47 of 2nd period - Shot by Nino Niederreiter.
14:47 of 2nd period - Stopped by Matt Murray with a rebound.
15:05 of 2nd period - Shot by Blake Coleman.
15:05 of 2nd period - Shot Misses the Net.
15:13 of 2nd period - Shot by Mikhail Sergachev.
15:13 of 2nd period - Stopped by Matt Murray without a rebound.
15:14 of 2nd period - Mason Appleton wins face-off versus Sam Reinhart in Sabres zone.
15:14 of 2nd period - Mason Appleton is hit by Chris Kreider.
15:42 of 2nd period - Off-side.
15:43 of 2nd period - Mason Appleton wins face-off versus Sam Reinhart in neutral zone.
15:43 of 2nd period - Mason Appleton is hit by Sam Reinhart.
15:49 of 2nd period - Shot by Brenden Dillon.
15:49 of 2nd period - Stopped by Andrei Vasilevskiy without a rebound.
15:50 of 2nd period - Evgeni Malkin wins face-off versus Blake Coleman in Devils zone.
15:50 of 2nd period - Evgeni Malkin is hit by Jesper Fast.
16:13 of 2nd period - Icing by Philippe Myers.
16:14 of 2nd period - Sam Reinhart wins face-off versus Blake Coleman in Sabres zone.
16:28 of 2nd period - Jesper Fast is hit by Mikhail Sergachev and loses puck.
16:31 of 2nd period - Shot by Mason McTavish.
16:31 of 2nd period - Shot Misses the Net.
16:33 of 2nd period - Shot by Blake Coleman.
16:33 of 2nd period - Stopped by Andrei Vasilevskiy without a rebound.
16:34 of 2nd period - Evgeni Malkin wins face-off versus Jonathan Drouin in Devils zone.
17:01 of 2nd period - Evgeni Malkin is hit by Juraj Slafkovsky and loses puck.
17:55 of 2nd period - Shot by Jake Neighbours.
17:55 of 2nd period - Shot Misses the Net.
18:07 of 2nd period - Shot by Chris Kreider.
18:07 of 2nd period - Stopped by Matt Murray with a rebound.
18:09 of 2nd period - Shot by Dougie Hamilton.
18:09 of 2nd period - Stopped by Matt Murray without a rebound.
18:10 of 2nd period - Dylan Cozens wins face-off versus Blake Coleman in Sabres zone.
18:13 of 2nd period - Shot by Mathieu Joseph.
18:13 of 2nd period - Stopped by Matt Murray with a rebound.
18:15 of 2nd period - Shot by Mathieu Joseph.
18:15 of 2nd period - Shot Misses the Net.
18:17 of 2nd period - Shot by Justin Schultz.
18:17 of 2nd period - Shot Blocked by Philippe Myers.
18:19 of 2nd period - Shot by Mathieu Joseph.
18:19 of 2nd period - Stopped by Matt Murray without a rebound.
18:20 of 2nd period - Blake Coleman wins face-off versus Dylan Cozens in Sabres zone.
18:20 of 2nd period - Blake Coleman is hit by Dylan Cozens.
19:28 of 2nd period - Shot by Corey Perry.
19:28 of 2nd period - Shot Misses the Net.
19:38 of 2nd period - Shot by Jonathan Drouin.
19:38 of 2nd period - Shot Misses the Net.
19:40 of 2nd period - Shot by Kaedan Korczak.
19:40 of 2nd period - Stopped by Andrei Vasilevskiy with a rebound.
19:46 of 2nd period - Shot by Juraj Slafkovsky.
19:46 of 2nd period - Shot Misses the Net.
19:48 of 2nd period - Shot by Juraj Slafkovsky.
19:48 of 2nd period - Shot Blocked by Urho Vaakanainen.
19:50 of 2nd period - Shot by Juraj Slafkovsky.
19:50 of 2nd period - Stopped by Andrei Vasilevskiy without a rebound.
19:51 of 2nd period - Evgeni Malkin wins face-off versus Mason Appleton in Devils zone.
Goals for this period are 0 for Sabres vs 1 for Devils.
Shots for this period are 9 for Sabres vs 13 for Devils.

3rd period


0:01 of 3rd period - Evgeni Malkin wins face-off versus Blake Coleman in neutral zone.
0:20 of 3rd period - Jesper Fast is hit by Mikhail Sergachev and loses puck.
1:11 of 3rd period - Shot by Corey Perry.
1:11 of 3rd period - Shot Misses the Net.
1:13 of 3rd period - Shot by Corey Perry.
1:13 of 3rd period - Stopped by Andrei Vasilevskiy with a rebound.
1:15 of 3rd period - Shot by Juraj Slafkovsky.
1:15 of 3rd period - Stopped by Andrei Vasilevskiy without a rebound.
1:16 of 3rd period - Dylan Cozens wins face-off versus Mason Appleton in Devils zone.
1:34 of 3rd period - Shot by Mike Hoffman.
1:34 of 3rd period - Stopped by Matt Murray without a rebound.
1:35 of 3rd period - Sam Reinhart wins face-off versus Jonathan Drouin in Sabres zone.
2:18 of 3rd period - Shot by Sam Reinhart.
2:18 of 3rd period - Stopped by Matt Murray without a rebound.
2:19 of 3rd period - Nino Niederreiter wins face-off versus Blake Coleman in Sabres zone.
2:32 of 3rd period - Shot by Blake Coleman.
2:32 of 3rd period - Shot Misses the Net.
3:03 of 3rd period - Shot by Blake Coleman.
3:03 of 3rd period - Shot Misses the Net.
3:15 of 3rd period - Icing by Dougie Hamilton.
3:16 of 3rd period - Mason Appleton wins face-off versus Evgeni Malkin in Devils zone.
3:16 of 3rd period - Mason Appleton is hit by Dougie Hamilton.
3:23 of 3rd period - Jake Neighbours is hit by Mikhail Sergachev and loses puck.
3:28 of 3rd period - Shot by Mason Appleton.
3:28 of 3rd period - Shot Misses the Net.
3:30 of 3rd period - Shot by Victor Soderstrom.
3:30 of 3rd period - Stopped by Andrei Vasilevskiy without a rebound.
3:31 of 3rd period - Sam Reinhart wins face-off versus Jonathan Drouin in Devils zone.
3:41 of 3rd period - Icing by Philippe Myers.
3:42 of 3rd period - Dylan Cozens wins face-off versus Jonathan Drouin in Sabres zone.
3:47 of 3rd period - Shot by Mike Hoffman.
3:47 of 3rd period - Shot Blocked by Juraj Slafkovsky.
4:01 of 3rd period - Shot by Kaedan Korczak.
4:01 of 3rd period - Stopped by Andrei Vasilevskiy without a rebound.
4:02 of 3rd period - Blake Coleman wins face-off versus Sam Reinhart in Devils zone.
4:08 of 3rd period - Blake Coleman is hit by Damon Severson and loses puck.
4:21 of 3rd period - Shot by Chris Kreider.
4:21 of 3rd period - Deflect By Travis Konecny.
4:21 of 3rd period - Shot Misses the Net.
4:23 of 3rd period - Shot by Chris Kreider.
4:23 of 3rd period - Shot Blocked by Brian Dumoulin.
4:25 of 3rd period - Shot by Damon Severson.
4:25 of 3rd period - Stopped by Matt Murray without a rebound.
4:26 of 3rd period - Evgeni Malkin wins face-off versus Jonathan Drouin in Sabres zone.
4:50 of 3rd period - Shot by Matt Boldy.
4:50 of 3rd period - Stopped by Matt Murray without a rebound.
4:51 of 3rd period - Blake Coleman wins face-off versus Sam Reinhart in Sabres zone.
6:04 of 3rd period - Shot by Jonathan Drouin.
6:04 of 3rd period - Shot Blocked by Dougie Hamilton.
6:07 of 3rd period - Icing by Dougie Hamilton.
6:08 of 3rd period - Mason Appleton wins face-off versus Evgeni Malkin in Devils zone.
6:19 of 3rd period - Shot by Jake Neighbours.
6:19 of 3rd period - Shot Misses the Net.
6:28 of 3rd period - Icing by Dougie Hamilton.
6:29 of 3rd period - Evgeni Malkin wins face-off versus Brett Howden in Devils zone.
7:05 of 3rd period - Jansen Harkins is hit by Dylan Cozens and loses puck.
7:56 of 3rd period - Shot by Blake Coleman.
7:56 of 3rd period - Shot Misses the Net.
8:33 of 3rd period - Icing by Philippe Myers.
8:34 of 3rd period - Evgeni Malkin wins face-off versus Jonathan Drouin in Sabres zone.
8:47 of 3rd period - Shot by Corey Perry.
8:47 of 3rd period - Deflect By Juraj Slafkovsky.
8:47 of 3rd period - Shot Blocked by Dougie Hamilton.
8:55 of 3rd period - Juraj Slafkovsky is hit by Nino Niederreiter and loses puck.
9:03 of 3rd period - Off-side.
9:04 of 3rd period - Mason Appleton wins face-off versus Dylan Cozens in neutral zone.
9:19 of 3rd period - Shot by Mason Appleton.
9:19 of 3rd period - Shot Blocked by Mathieu Joseph.
9:20 of 3rd period - Minor Penalty to Urho Vaakanainen for Hooking.
9:21 of 3rd period - Blake Coleman wins face-off versus Dylan Cozens in Devils zone.
9:59 of 3rd period - Shot by Brian Dumoulin.
9:59 of 3rd period - Shot Blocked by Dylan Cozens.
10:13 of 3rd period - Shot by Corey Perry.
10:13 of 3rd period - Shot Misses the Net.
10:15 of 3rd period - Shot by Kaedan Korczak.
10:15 of 3rd period - Goal by Kaedan Korczak - Sabres : 1 - Devils : 4.
10:16 of 3rd period - Zach Sanford wins face-off versus Sam Reinhart in neutral zone.
10:39 of 3rd period - Shot by Zach Sanford.
10:39 of 3rd period - Stopped by Andrei Vasilevskiy without a rebound.
10:40 of 3rd period - Blake Coleman wins face-off versus Evgeni Malkin in Devils zone.
10:41 of 3rd period - Shot by Mason McTavish.
10:41 of 3rd period - Stopped by Andrei Vasilevskiy without a rebound.
10:42 of 3rd period - Evgeni Malkin wins face-off versus Blake Coleman in Devils zone.
10:51 of 3rd period - Brenden Dillon is hit by Nino Niederreiter and loses puck.
11:28 of 3rd period - Urho Vaakanainen is hit by Blake Coleman and loses puck.
11:42 of 3rd period - Icing by Urho Vaakanainen.
11:43 of 3rd period - Evgeni Malkin wins face-off versus Mason Appleton in Devils zone.
12:02 of 3rd period - Shot by Travis Konecny.
12:02 of 3rd period - Deflect By Sam Reinhart.
12:02 of 3rd period - Shot Blocked by Tobias Bjornfot.
12:12 of 3rd period - Shot by Chris Kreider.
12:12 of 3rd period - Stopped by Matt Murray without a rebound.
12:13 of 3rd period - Jonathan Drouin wins face-off versus Dylan Cozens in Sabres zone.
12:22 of 3rd period - Shot by Jonathan Drouin.
12:22 of 3rd period - Stopped by Andrei Vasilevskiy with a rebound.
12:45 of 3rd period - Off-side.
12:46 of 3rd period - Mason Appleton wins face-off versus Chris Kreider in neutral zone.
12:55 of 3rd period - Shot by Mason Appleton.
12:55 of 3rd period - Shot Misses the Net.
13:01 of 3rd period - Shot by Milan Lucic.
13:01 of 3rd period - Shot Misses the Net.
13:08 of 3rd period - Icing by Erik Gustafsson.
13:09 of 3rd period - Blake Coleman wins face-off versus Sam Reinhart in Devils zone.
13:12 of 3rd period - Shot by Jesper Fast.
13:12 of 3rd period - Shot Misses the Net.
13:14 of 3rd period - Shot by Mason McTavish.
13:14 of 3rd period - Deflect By Blake Coleman.
13:14 of 3rd period - Stopped by Andrei Vasilevskiy without a rebound.
13:15 of 3rd period - Blake Coleman wins face-off versus Dylan Cozens in Devils zone.
13:37 of 3rd period - Icing by Brenden Dillon.
13:38 of 3rd period - Mason McTavish wins face-off versus Sam Reinhart in Sabres zone.
13:47 of 3rd period - Shot by Mason McTavish.
13:47 of 3rd period - Shot Hit the Post.
13:49 of 3rd period - Shot by Brenden Dillon.
13:49 of 3rd period - Stopped by Andrei Vasilevskiy without a rebound.
13:50 of 3rd period - Dylan Cozens wins face-off versus Jonathan Drouin in Devils zone.
14:07 of 3rd period - Shot by Dylan Cozens.
14:07 of 3rd period - Shot Misses the Net.
14:34 of 3rd period - Dylan Cozens is hit by Corey Perry and loses puck.
14:53 of 3rd period - Shot by Blake Coleman.
14:53 of 3rd period - Stopped by Andrei Vasilevskiy without a rebound.
14:54 of 3rd period - Mason Appleton wins face-off versus Sam Reinhart in Devils zone.
14:54 of 3rd period - Milan Lucic is hit by Damon Severson and loses puck.
15:13 of 3rd period - Shot by Chris Kreider.
15:13 of 3rd period - Stopped by Matt Murray with a rebound.
15:23 of 3rd period - Shot by Jake Neighbours.
15:23 of 3rd period - Stopped by Andrei Vasilevskiy without a rebound.
15:24 of 3rd period - Evgeni Malkin wins face-off versus Blake Coleman in Devils zone.
15:33 of 3rd period - Shot by Matt Boldy.
15:33 of 3rd period - Stopped by Matt Murray with a rebound.
16:05 of 3rd period - Shot by Blake Coleman.
16:05 of 3rd period - Shot Misses the Net.
16:20 of 3rd period - Jonathan Drouin is hit by Urho Vaakanainen and loses puck.
16:23 of 3rd period - Shot by Juraj Slafkovsky.
16:23 of 3rd period - Deflect By Jonathan Drouin.
16:23 of 3rd period - Stopped by Andrei Vasilevskiy without a rebound.
16:24 of 3rd period - Mason Appleton wins face-off versus Sam Reinhart in Devils zone.
16:27 of 3rd period - Shot by Jake Neighbours.
16:27 of 3rd period - Shot Misses the Net.
16:29 of 3rd period - Shot by Milan Lucic.
16:29 of 3rd period - Stopped by Andrei Vasilevskiy without a rebound.
16:30 of 3rd period - Jonathan Drouin wins face-off versus Sam Reinhart in Devils zone.
16:39 of 3rd period - Shot by Juraj Slafkovsky.
16:39 of 3rd period - Shot Blocked by Erik Gustafsson.
16:41 of 3rd period - Shot by Corey Perry.
16:41 of 3rd period - Shot Misses the Net.
16:43 of 3rd period - Shot by Juraj Slafkovsky.
16:43 of 3rd period - Shot Blocked by Damon Severson.
17:23 of 3rd period - Off-side.
17:24 of 3rd period - Blake Coleman wins face-off versus Dylan Cozens in neutral zone.
17:39 of 3rd period - Shot by Jesper Fast.
17:39 of 3rd period - Stopped by Andrei Vasilevskiy without a rebound.
17:40 of 3rd period - Evgeni Malkin wins face-off versus Mason Appleton in Devils zone.
18:13 of 3rd period - Shot by Nino Niederreiter.
18:13 of 3rd period - Stopped by Matt Murray without a rebound.
18:14 of 3rd period - Blake Coleman wins face-off versus Sam Reinhart in Sabres zone.
18:14 of 3rd period - Blake Coleman is hit by Travis Konecny.
18:28 of 3rd period - Brian Dumoulin is hit by Damon Severson.
18:57 of 3rd period - Chris Kreider is hit by Brenden Dillon and loses puck.
19:22 of 3rd period - Blake Coleman is hit by Mike Hoffman and loses puck.
19:39 of 3rd period - Shot by Dylan Cozens.
19:39 of 3rd period - Shot Misses the Net.
19:41 of 3rd period - Shot by Dougie Hamilton.
19:41 of 3rd period - Stopped by Matt Murray with a rebound.
Goals for this period are 1 for Sabres vs 0 for Devils.
Shots for this period are 15 for Sabres vs 9 for Devils.